details: 'blinn vs tim grudge after starcraft hiatus'

« prev index next »

General information

Mini Map

Players

team 1
Orcblinn (green | 163 APM | 2613 actions | 16:00)
Hero icon 2 Blademaster
Ability icon 1 Wind Walk
Ability icon 1 Critical Strike
Hero icon 3 Shadow Hunter
Ability icon 1 Hex
Ability icon 2 Healing Wave

» actions
Assign group hotkey181
Basic commands27
Build / train68
ESC pressed1
Enter build submenu10
Enter hero's abilities submenu5
Give item / drop item1
Remove unit from queue3
Right click1303
Select / deselect393
Select group hotkey535
Use ability86
2613 total
» units
Peon9
Grunt17
Raider6
Spirit Walker2
34 total
» upgrades
Berserker Strength1
Ensnare1
Spirit Walker Training1
3 total
» buildings
Altar of Storms1
Orc Burrow5
Barracks1
Stronghold4
Voodoo Lounge1
Beastiary1
Spirit Lodge1
14 total
» build order
00:04 Altar of Storms
00:09 Orc Burrow
00:38 Barracks
01:24 Orc Burrow
02:43 Stronghold
02:44 Stronghold
02:44 Stronghold
03:01 Voodoo Lounge
03:55 Orc Burrow
07:41 Beastiary
07:43 Orc Burrow
07:57 Spirit Lodge
11:58 Orc Burrow
» items
Healing Salve2
Lesser Clarity Potion3
Scroll of Speed2
7 total
NightElfTIMG5STRok (pink | 157 APM | 2507 actions | 16:00)
Hero icon 2 Demon Hunter
Ability icon 1 Mana Burn
Ability icon 1 Evasion
Hero icon 2 Keeper of the Grove
Ability icon 1 Entangling Roots
Ability icon 1 Thorns Aura
Hero icon 1 Shadow Hunter
Ability icon 1 Hex

» actions
Assign group hotkey20
Basic commands54
Build / train55
ESC pressed1
Enter build submenu14
Enter hero's abilities submenu5
Give item / drop item3
Right click1417
Select / deselect281
Select group hotkey601
Use ability56
2507 total
» units
Wisp17
Huntress4
Dryad13
34 total
» upgrades
Ultravision1
Abolish Magic1
Druid of the Claw Training1
Strength of the Wild1
4 total
» buildings
Altar of Elders1
Moon Well5
Hunter's Hall1
Ancient of War1
Tree of Ages1
Ancient of Lore2
Ancient of Wonders1
Tree of Life1
13 total
» build order
00:08 Altar of Elders
00:20 Moon Well
01:38 Hunter's Hall
01:44 Ancient of War
01:57 Moon Well
03:00 Tree of Ages
03:32 Moon Well
04:13 Moon Well
05:24 Ancient of Lore
05:25 Ancient of Lore
07:33 Moon Well
09:19 Ancient of Wonders
11:56 Tree of Life
» items
Scroll of Town Portal1
Potion of Healing2
Staff of Preservation1
Potion of Mana1
Scroll of Healing1
Healing Salve1
Lesser Clarity Potion2
9 total
team 2
NightElfSn[0]oP.DoGG. (blue | 111 APM | 1769 actions | 16:00)
Hero icon 3 Priestess of the Moon
Ability icon 1 Trueshot Aura
Ability icon 2 Searing Arrows

» actions
Assign group hotkey82
Basic commands88
Build / train66
ESC pressed1
Enter build submenu14
Enter hero's abilities submenu3
Right click758
Select / deselect307
Select group hotkey391
Use ability59
1769 total
» units
Wisp19
Huntress30
49 total
» upgrades
Strength of the Moon1
Moon Armor1
2 total
» buildings
Altar of Elders1
Moon Well8
Hunter's Hall1
Ancient of War2
Tree of Life1
Ancient Protector1
14 total
» build order
00:09 Altar of Elders
00:18 Moon Well
01:52 Hunter's Hall
02:03 Ancient of War
02:14 Ancient of War
02:26 Moon Well
02:43 Moon Well
03:00 Moon Well
05:11 Moon Well
06:16 Moon Well
06:29 Moon Well
06:31 Moon Well
12:58 Tree of Life
14:35 Ancient Protector
» items
Scroll of Town Portal1
Scroll of Healing1
Scroll of Protection3
Dust of Appearance3
8 total
UndeadSun (orange | 124 APM | 1989 actions | 16:00)
Hero icon 5 Death Knight
Ability icon 3 Death Coil
Ability icon 2 Unholy Aura
Hero icon 2 Lich
Ability icon 1 Frost Nova
Ability icon 1 Dark Ritual
Hero icon 2 Crypt Lord
Ability icon 1 Impale
Ability icon 1 Spiked Carapace

» actions
Assign group hotkey59
Basic commands307
Build / train54
Enter build submenu11
Enter hero's abilities submenu9
Give item / drop item4
Right click876
Select / deselect331
Select group hotkey251
Use ability87
1989 total
» units
Acolyte2
Ghoul2
Crypt Fiend8
Obsidian Statue5
Abomination2
19 total
» upgrades
Burrow1
Destroyer Form1
Web1
Creature Attack1
4 total
» buildings
Graveyard1
Crypt1
Altar of Darkness1
Ziggurat5
Tomb of Relics1
Nerubian Tower2
Halls of the Dead2
Slaughterhouse2
Black Citadel1
16 total
» build order
00:07 Graveyard
00:10 Crypt
00:30 Altar of Darkness
00:46 Ziggurat
01:01 Tomb of Relics
01:53 Ziggurat
02:43 Nerubian Tower
02:43 Nerubian Tower
04:00 Ziggurat
04:50 Halls of the Dead
04:50 Halls of the Dead
07:02 Ziggurat
07:35 Slaughterhouse
07:37 Black Citadel
11:23 Slaughterhouse
12:00 Ziggurat
» items
Rod of Necromancy2
Dust of Appearance1
Scroll of Town Portal2
Potion of Healing2
Potion of Mana1
Orb of Corruption1
Potion of Lesser Invulnerability1
10 total